 Dungeon Crawl Stone Soup version 0.22-a0-247-gbddf880 (webtiles) character file.

18118 omnomnOMINOUS the Spear-Bearer (level 12, 0/97 HPs)
             Began as a Merfolk Summoner on Feb 27, 2018.
             Was an Elder of the Shining One.
             Slain by a polar bear (6 damage)
             ... on level 4 of the Lair of Beasts.
             The game lasted 01:00:57 (14927 turns).

omnomnOMINOUS the Spear-Bearer (Merfolk Summoner)  Turns: 14927, Time: 01:00:57

Health: 0/97       AC:  1    Str:  8    XL:     12   Next: 55%
Magic:  2/19       EV: 22    Int: 22    God:    the Shining One [****..]
Gold:   1040       SH:  0    Dex: 19    Spells: 4/21 levels left

rFire    + + +     SeeInvis .   a - +10 dagger "Beus" {freeze, *Corrode rF++ Int+3}
rCold    . . .     Gourm    .   (no shield)
rNeg     + + .     Faith    .   h - +0 robe
rPois    .         Spirit   .   i - +2 helmet
rElec    .         Reflect  .   O - +0 cloak
rCorr    .         Harm     .   (no gloves)
MR       .....                  D - +2 pair of boots
Stlth    +.........             p - amulet of regeneration
HPRegen  0.66/turn              y - +4 ring of dexterity
MPRegen  0.16/turn              o - ring of protection from fire

@: corroded, glowing
A: change form in water, swift swim, stealthy swim
a: Divine Shield, Cleansing Flame, Renounce Religion


You were on level 4 of the Lair of Beasts.
You worshipped the Shining One.
The Shining One was greatly pleased with you.
You were not hungry.

You visited 3 branches of the dungeon, and saw 15 of its levels.

You collected 1040 gold pieces.

Inventory:

Hand Weapons
 a - the +10 dagger "Beus" (weapon) {freeze, *Corrode rF++ Int+3}
   (You found it on level 8 of the Dungeon)

   It has been specially enchanted to freeze those struck by it, causing extra
   injury to most foes and up to half again as much damage against particularly
   susceptible opponents.
   It can also slow down cold-blooded creatures.
   It affects your intelligence (+3).
   It greatly protects you from fire.
   It may corrode you when you take damage.
 b - a +2 dagger of electrocution
 c - a +1 trident
 d - a +2 scimitar of flaming
 V - the +3 shortbow "Trog's Wrath" {venom, rC++ MP+9 Str+3}
   (You found it on level 4 of the Lair of Beasts)

   It poisons the ammo it fires.
   It affects your strength (+3).
   It greatly protects you from cold.
   It affects your magic capacity (+9).
Missiles
 P - 7 curare-tipped needles
Armour
 e - a +0 buckler
 h - a +0 robe (worn)
 i - a +2 helmet (worn)
 D - a +2 pair of boots (worn)
 O - a +0 cloak (worn)
 U - a +1 chain mail of magic resistance
Magical Staves
 M - an uncursed staff of conjuration
Jewellery
 j - an uncursed ring of stealth
 o - a ring of protection from fire (right hand)
 p - an amulet of regeneration (around neck)
 y - a +4 ring of dexterity (left hand)
Wands
 v - a wand of disintegration (7)
 G - a wand of polymorph (12)
 H - a wand of acid (11)
 L - a wand of iceblast (8)
 R - a wand of digging (12)
Scrolls
 g - 4 scrolls of teleportation
 k - 2 scrolls of blinking
 l - 4 scrolls of remove curse
 m - a scroll of magic mapping
 r - 5 scrolls of amnesia
 t - 4 scrolls of enchant armour
 z - a scroll of vulnerability
 F - 3 scrolls of enchant weapon
 I - a scroll of silence {unknown}
 J - a scroll of immolation
 Q - a scroll of fog {unknown}
Potions
 f - 4 potions of curing
 n - 2 potions of mutation
 s - 2 potions of cancellation
 u - 2 potions of magic
 x - a potion of brilliance
 A - 4 potions of lignification
 B - a potion of haste
 C - 2 potions of resistance
 E - 4 potions of berserk rage
 K - a potion of invisibility
 N - 2 potions of flight
 S - 2 potions of might
Miscellaneous
 q - a sack of spiders
Comestibles
 w - 36 rations
 T - 8 chunks of flesh


   Skills:
 + Level 9.7 Fighting
 - Level 14.0 Polearms
 + Level 11.7 Dodging
 - Level 2.1 Stealth
 * Level 5.2 Spellcasting
 * Level 10.6 Summonings
 + Level 5.4 Invocations


You had 4 spell levels left.
You knew the following spells:

 Your Spells              Type           Power        Failure   Level  Hunger
a - Summon Butterflies    Summ           ######..     1%          1    None
b - Call Canine Familiar  Summ           ######..     1%          3    ##.....
c - Summon Ice Beast      Ice/Summ       ####....     11%         4    ####...
d - Summon Hydra          Summ           ######....   71%         7    #######
e - Blink                 Tloc           N/A          16%         2    None


Dungeon Overview and Level Annotations

Branches:
Dungeon (10/15)            Temple (1/1) D:4            Lair (4/6) D:10
 Shoals (0/4) Lair:3       Spider (0/4) Lair:4          Orc (0/2) D:10

Altars:
Ashenzari
Cheibriados
Dithmenos
Elyvilon
Fedhas
Gozag
Hepliaklqana
Kikubaaqudgha
Makhleb
Nemelex Xobeh
Okawaru
Qazlal
Ru
Sif Muna
Trog
Uskayaw
Vehumet
Wu Jian
Xom
Yredelemnul
Zin
The Shining One


Message History

Unknown command.
The polar bear misses you. The polar bear closely misses you.
The polar bear barely misses you.
Your ice beast hits the polar bear but does no damage.
Casting: Summon Ice Beast (safe; 11% risk of failure)
Confirm with . or Enter, or press ? or * to list all spells.
You don't have enough magic to cast that spell.
Unknown command.
A bullfrog comes into view.
The bullfrog gives a loud, deep croak!
Found 14 stones.
Found a stone staircase leading up.
The polar bear bites you!!
* * * LOW HITPOINT WARNING * * *
The polar bear claws you.
* * * LOW HITPOINT WARNING * * *
The polar bear claws you.
* * * LOW HITPOINT WARNING * * *
The polar bear misses you. The polar bear closely misses you.
The polar bear claws you.
You die...

............. #.#....#...
#.####...
#......######.#.P#...P
#P.....##............PP
##...>......<...(.......
##..#...................
#...# ...........%......
##..# ##......[........
#...# #...@...F...... #...#
##....h.....P..% #...#
#............... .. #...#
##.§≈≈≈≈Y....... ..##...#
#..≈#§≈§........ ..###..#
###PP§###≈........ ..###..#
#....§###≈........
..##...###...§≈≈#≈§........
..P.#..#.#....≈≈≈≈§§.......


You could see a polar bear (berserk), a bullfrog and a friendly ice beast.

Vanquished Creatures
  A two-headed ogre (D:8)
  A queen ant (Lair:2)
  The ghost of lunkers the Geomancer, a novice OpEE of Cheibriados (D:10)
  2 manticores (D:10)
  3 elephants
  A guardian serpent (D:9)
  3 spiny frogs
  An efreet (D:8)
  A komodo dragon (Lair:4)
  A merfolk (Lair:3)
  2 hippogriffs
  A spriggan (D:7)
  Eustachio (D:4)
  2 basilisks
  A wyvern (D:9)
  2 yaks (Lair:4)
  4 water moccasins
  3 soldier ants (Lair:2)
  2 porcupines (Lair:1)
  4 ice beasts
  A phantom (D:8)
  2 necrophages
  2 orc warriors
  2 black bears
  3 sky beasts
  5 wolves
  3 ogres
  A centaur (D:5)
  2 crocodiles
  2 big kobolds
  5 bullfrogs
  A scorpion (D:9)
  18 killer bees
  5 wights (D:7)
  3 centaur zombies
  3 crimson imps
  3 jellies
  5 orc priests
  A bullfrog skeleton (D:4)
  5 hounds
  9 orc wizards
  A centaur skeleton (D:8)
  2 iguanas
  11 worker ants
  Robin (D:2)
  4 adders
  A howler monkey skeleton (D:6)
  A shadow imp (D:9)
  An adder skeleton (D:9)
  A dart slug (D:2)
  3 leopard geckos
  49 orcs
  A ball python (D:3)
  3 bats
  5 giant cockroaches
  6 goblins
  6 hobgoblins
  16 jackals
  3 quokkas
  4 frilled lizards
  9 kobolds
  A leopard gecko zombie (D:2)
  A quokka zombie (D:5)
  9 rats
257 creatures vanquished.

Vanquished Creatures (collateral kills)
  A hydra (Lair:3)
  A two-headed ogre (D:8)
  The ghost of aubilenon the Transmogrifier, a novice OpTm of Cheibriados (D:7)
  7 elephants
  A black mamba (Lair:1)
  A merfolk siren (Lair:3)
  4 komodo dragons
  A rime drake (Lair:3)
  4 spiny frogs
  A troll (D:8)
  A queen bee (Lair:3)
  Grinder (D:3)
  A merfolk (Lair:3)
  2 wyverns
  Sigmund (D:2)
  A yak (Lair:4)
  3 basilisks (Lair:1)
  Grum (Lair:1)
  2 soldier ants (Lair:2)
  2 porcupines
  2 water moccasins (Lair:2)
  An orc warrior (D:9)
  A sky beast (D:5)
  A phantom (D:10)
  4 wolves
  5 crocodiles
  A bullfrog (D:9)
  A scorpion (D:10)
  7 killer bees
  A quasit (D:8)
  A jelly (D:10)
  4 orc priests
  2 hounds
  Jessica (D:1)
  Natasha (D:2)
  3 orc wizards
  2 worker ants
  5 adders
  A worm (D:3)
  A dart slug (D:1)
  2 leopard geckos
  12 orcs
  3 giant cockroaches
  10 goblins
  4 hobgoblins (D:1)
  5 jackals
  3 bats
  2 frilled lizards (D:1)
  3 kobolds
  5 rats
  A plant (Lair:2)
132 creatures vanquished.

Vanquished Creatures (others)
  2 fungi (Lair:3)
2 creatures vanquished.

Grand Total: 391 creatures vanquished

Notes
Turn   | Place    | Note
-------+----------+-------------------------------------------
     0 | D:1      | omnomnOMINOUS the Merfolk Summoner began the quest for the Orb.
     0 | D:1      | Reached XP level 1. HP: 13/13 MP: 3/3
   385 | D:1      | Reached XP level 2. HP: 10/20 MP: 3/5
  1069 | D:2      | Noticed Jessica
  1143 | D:1      | Killed Jessica
  1143 | D:1      | Reached skill level 1 in Fighting
  1143 | D:1      | Reached XP level 3. HP: 19/26 MP: 3/6
  1152 | D:1      | Learned a level 3 spell: Call Canine Familiar
  1455 | D:2      | Noticed Robin
  1834 | D:2      | Killed Robin
  2051 | D:2      | Reached XP level 4. HP: 32/33 MP: 4/7
  2149 | D:2      | Found a snail-covered altar of Cheibriados.
  2405 | D:2      | Noticed Natasha
  2414 | D:2      | Killed Natasha
  2414 | D:2      | Reached skill level 5 in Summonings
  2445 | D:2      | Noticed Sigmund
  2498 | D:2      | Killed Sigmund
  2498 | D:2      | Reached XP level 5. HP: 35/39 MP: 3/8
  2877 | D:2      | Reached XP level 6. HP: 46/46 MP: 6/9
  3416 | D:3      | Noticed Grinder
  3452 | D:3      | Paralysed by Grinder for 2 turns
  3465 | D:3      | Killed Grinder
  3465 | D:3      | Reached skill level 5 in Dodging
  3912 | D:3      | Reached XP level 7. HP: 44/52 MP: 6/10
  4015 | D:4      | Noticed Eustachio
  4078 | D:4      | Killed Eustachio
  4222 | D:4      | Found a hide-covered altar of Uskayaw.
  4362 | D:4      | Found a staircase to the Ecumenical Temple.
  4368 | Temple   | Entered the Ecumenical Temple
  4428 | Temple   | Became a worshipper of the Shining One
  4544 | D:4      | Found a deep blue altar of Sif Muna.
  4732 | D:4      | Found an ancient bone altar of Kikubaaqudgha.
  4733 | D:4      | Found an ornate altar of the Wu Jian Council.
  4864 | D:4      | Found a shadowy altar of Dithmenos.
  4864 | D:4      | Found a white marble altar of Elyvilon.
  4869 | D:4      | Found a faded altar of an unknown god.
  4871 | D:4      | Found a basalt altar of Yredelemnul.
  4873 | D:4      | Found a faded altar of an unknown god.
  4933 | D:4      | Reached skill level 1 in Polearms
  5099 | D:5      | Entered Level 5 of the Dungeon
  5279 | D:5      | Reached skill level 2 in Polearms
  5316 | D:5      | Reached XP level 8. HP: 36/61 MP: 5/11
  5355 | D:5      | Reached skill level 3 in Polearms
  5407 | D:5      | Reached skill level 4 in Polearms
  5658 | D:5      | Reached * piety under the Shining One
  5677 | D:5      | Reached skill level 5 in Fighting
  5677 | D:5      | Reached skill level 5 in Polearms
  5726 | D:5      | Found a sparkling altar of Nemelex Xobeh.
  6085 | D:6      | Noticed a moth of wrath
  6088 | D:6      | Found a bloodstained altar of Trog.
  6179 | D:6      | Learned a level 4 spell: Summon Ice Beast
  6378 | D:6      | Reached skill level 6 in Polearms
  7005 | D:7      | Noticed aubilenon's ghost (novice OpTm)
  7013 | D:7      | Killed aubilenon's ghost
  7013 | D:7      | Reached skill level 7 in Polearms
  7013 | D:7      | Reached XP level 9. HP: 60/69 MP: 4/12
  7088 | D:7      | Reached skill level 8 in Polearms
  7391 | D:7      | Found a burning altar of Makhleb.
  7391 | D:7      | Found a bloodstained altar of Trog.
  7392 | D:7      | Found a shattered altar of Ashenzari.
  7497 | D:8      | Noticed a two-headed ogre
  7515 | D:8      | Got a brightly glowing dagger
  7602 | D:8      | Identified the +10 dagger "Beus" {freeze, *Corrode rF++ Int+3} (You found it on level 8 of the Dungeon)
  7627 | D:8      | Reached ** piety under the Shining One
  7649 | D:8      | Reached skill level 9 in Polearms
  7730 | D:8      | Noticed a two-headed ogre
  7755 | D:8      | Killed a two-headed ogre
  7802 | D:8      | Reached skill level 10 in Polearms
  7802 | D:8      | Reached XP level 10. HP: 77/77 MP: 4/13
  8341 | D:8      | Learned a level 1 spell: Summon Butterflies
  8594 | D:8      | Killed a two-headed ogre
  8594 | D:8      | Reached skill level 11 in Polearms
  8866 | D:9      | Found a stormy altar of Qazlal.
  8916 | D:9      | Noticed a guardian serpent
  8943 | D:9      | Killed a guardian serpent
  9139 | D:9      | Reached skill level 12 in Polearms
  9538 | D:10     | Entered Level 10 of the Dungeon
  9556 | D:10     | Noticed a manticore
  9556 | D:10     | Noticed a manticore
  9570 | D:10     | Killed a manticore
  9570 | D:10     | Reached skill level 1 in Invocations
  9579 | D:10     | HP: 1/80 [manticore (8)]
  9634 | D:10     | Killed a manticore
  9634 | D:10     | Reached skill level 10 in Dodging
  9634 | D:10     | Reached XP level 11. HP: 82/86 MP: 7/14
  9731 | D:10     | Reached *** piety under the Shining One
  9812 | D:10     | Noticed lunkers's ghost (novice OpEE)
 10131 | D:10     | Learned a level 7 spell: Summon Hydra
 10216 | D:10     | Found a staircase to the Orcish Mines.
 10614 | D:10     | Killed lunkers's ghost
 10622 | D:10     | Found a staircase to the Lair.
 10840 | Lair:1   | Entered Level 1 of the Lair of Beasts
 10927 | Lair:1   | Noticed Grum
 10934 | Lair:1   | Killed Grum
 11221 | Lair:1   | Reached skill level 13 in Polearms
 11381 | Lair:1   | You fall through a shaft!
 12400 | Lair:2   | Noticed a queen ant
 12404 | Lair:2   | Reached skill level 10 in Summonings
 12441 | Lair:2   | Killed a queen ant
 12859 | Lair:3   | Found a snail-covered altar of Cheibriados.
 12940 | Lair:3   | Reached XP level 12. HP: 40/95 MP: 8/18
 13063 | Lair:3   | Reached skill level 14 in Polearms
 13539 | Lair:3   | Noticed a five-headed hydra
 13556 | Lair:3   | Killed a four-headed hydra
 14404 | Lair:3   | Reached skill level 5 in Invocations
 14411 | Lair:3   | Found a staircase to the Shoals.
 14558 | Lair:4   | Reached **** piety under the Shining One
 14578 | Lair:4   | Found a hole to the Spider Nest.
 14584 | Lair:4   | Learned a level 2 spell: Blink
 14686 | Lair:4   | Got a translucent shortbow
 14687 | Lair:4   | Identified the +3 shortbow "Trog's Wrath" {venom, rC++ MP+9 Str+3} (You found it on level 4 of the Lair of Beasts)
 14725 | Lair:4   | Reached skill level 5 in Spellcasting
 14927 | Lair:4   | Slain by a polar bear

Vault maps used:
D:1:      dpeg_arrival_stone_temple_mockup
D:2:      cheibriados_altar_1, uniq_robin, uniq_sigmund, uniq_jessica,
          uniq_natasha
D:3:      first_ration, st_stairs_3, uniq_grinder
D:4:      lemuel_coloured_pillars_altar, lemuel_round_altar,
          gammafunk_temple_overflow_pools, chequers_temple_overflow_minitemple,
          minmay_temple_entry_hall, uniq_eustachio
D:5:      nemelex_xobeh_ov_fountains_minmay
D:6:      tgw_trog
D:7:      nicolae_overflow_hidden_temple, the_bakery
D:8:      kennysheep_blocky_room
D:9:      basic_altar, nrook_guardian_serpent_ordinary
D:10:     lair_entry_dummy, hiddenorc2_lemuel, minivault_20
Temple:   eino_wide_crystal_templ
Lair:1:   infiniplex_staircase_pool_2, uniq_grum
Lair:2:   wad_woods_antlair, infiniplex_staircase_pool
Lair:3:   elwin_shoals_entry_rooms, special_room, basic_altar
Lair:4:   spider_nest_entry_web_field, basic_altar, beast_lair_carwin_3,
          lemuel_fruit_fields

Skill      XL: |  1  2  3  4  5  6  7  8  9 10 11 12 |
---------------+-------------------------------------+-----
Dodging        | 3 4 5 6 7 8 10 11 | 11.7
Fighting       | 1 2 3 4 5 6 8 9 |  9.7
Summonings     | 5 6 7 8 9 10 | 10.6
Polearms       | 2 7 10 12 13 14 | 14.0
Invocations    | 1 4 5 |  5.4
Spellcasting   | 4 5 |  5.2
Stealth        | |  2.1

Action                   |  1- 3 |  4- 6 |  7- 9 | 10-12 || total
-------------------------+-------+-------+-------+-------++-------
Melee: Unarmed           |    66 |       |       |       ||    66
       Dagger            |    33 |   154 |   282 |   694 ||  1163
       Tailslap          |       |       |       |     4 ||     4
       Scimitar          |       |       |       |     2 ||     2
 Cast: Summon Small Mamm |    37 |     7 |     1 |       ||    45
       Call Canine Famil |     3 |    14 |    20 |    50 ||    87
       Summon Ice Beast  |       |       |     6 |    67 ||    73
       Summon Butterflie |       |       |       |     2 ||     2
Invok: Divine Shield     |       |       |       |     1 ||     1
Evoke: Wand              |       |       |       |     5 ||     5
       Sack of spiders   |       |       |       |     4 ||     4
  Use: Potion            |       |     2 |     1 |    10 ||    13
       Scroll            |       |       |     8 |    12 ||    20
 Stab: Sleeping          |     1 |     7 |     2 |       ||    10
       Distracted        |     2 |       |     1 |       ||     3
  Eat: Chunk             |     5 |     7 |    17 |    33 ||    62
       Ration            |       |       |       |     2 ||     2
Armor: Robe              |    17 |    38 |    55 |   160 ||   270
       Skin              |       |     2 |       |     6 ||     8
Dodge: Dodged            |    81 |   122 |   218 |   828 ||  1249
Block: Other             |       |       |       |    23 ||    23

Table legend:
 A = Spawn XP
 B = Non-spawn XP
 C = Spawn XP percentage of total XP
 D = Spawn monster count
 E = Non-spawn monster count
 F = Spawn count percentage of total count
 G = Total turns spent on level
                    A         B        C        D         E        F      G
               +---------+---------+-------+---------+---------+-------+---------
         Total |       0 |   25883 |   0.0 |       0 |     388 |   0.0 | 14927
               +---------+---------+-------+---------+---------+-------+---------
           D:1 |       0 |      48 |   0.0 |       0 |      23 |   0.0 |  1722
           D:2 |       0 |     287 |   0.0 |       0 |      39 |   0.0 |  1252
           D:3 |       0 |     290 |   0.0 |       0 |      26 |   0.0 |   960
           D:4 |       0 |     379 |   0.0 |       0 |      15 |   0.0 |  1154
           D:5 |       0 |     759 |   0.0 |       0 |      20 |   0.0 |   828
           D:6 |       0 |     446 |   0.0 |       0 |      20 |   0.0 |  1018
           D:7 |       0 |    1201 |   0.0 |       0 |      16 |   0.0 |   560
           D:8 |       0 |    3357 |   0.0 |       0 |      33 |   0.0 |  1184
           D:9 |       0 |    1665 |   0.0 |       0 |      31 |   0.0 |  1018
          D:10 |       0 |    2313 |   0.0 |       0 |      58 |   0.0 |  1073
        Lair:1 |       0 |    2576 |   0.0 |       0 |      20 |   0.0 |   869
        Lair:2 |       0 |    4797 |   0.0 |       0 |      31 |   0.0 |  1257
        Lair:3 |       0 |    5161 |   0.0 |       0 |      42 |   0.0 |  1571
        Lair:4 |       0 |    2604 |   0.0 |       0 |      14 |   0.0 |   390
               +---------+---------+-------+---------+---------+-------+---------
